 Dungeon Crawl Stone Soup version 0.30-a0-618-gd6c86c23d0 (webtiles) character file.

Game seed: 115951364641810077

8039 bmack86 the Fighter (level 11, -1/103 HPs)
             Began as a Minotaur Fighter on Jan 9, 2023.
             Was a Follower of Okawaru.
             Slain by a yak (13 damage)
             ... on level 9 of the Dungeon.
             The game lasted 00:20:10 (7373 turns).

bmack86 the Fighter (Minotaur Fighter)              Turns: 7373, Time: 00:20:11

Health: -1/103     AC: 18    Str: 26    XL:     11   Next: 4%
Magic:  10/10      EV: 11    Int:  5    God:    Okawaru [*.....]
Gold:   280        SH: 10    Dex:  9    Spells: 10/10 levels left

rFire   . . .      SeeInvis .    a - +0 war axe
rCold   . . .      Faith    .    b - +0 kite shield
rNeg    . . .      Spirit   .    K - +0 plate armour
rPois   .          Reflect  .    T - +1 hat {Stlth+}
rElec   .          Harm     .    (no cloak)
rCorr   .          Rampage  .    (no gloves)
Will    .....                    s - +2 pair of boots Stlth
                                 y - amulet of regeneration
HPRegen 1.17/turn                M - +5 ring of evasion
MPRegen 0.12/turn                n - ring of flight

@: mighty, lethally poisoned (-1 -> -1), flying
A: horns 2, retaliatory headbutt
a: Renounce Religion, Heroism


You were on level 9 of the Dungeon.
You worshipped Okawaru.
Okawaru was aware of your devotion.
You visited 2 branches of the dungeon, and saw 10 of its levels.
You also visited: Sewer and Ossuary.

You collected 450 gold pieces.
You spent 170 gold pieces at shops.

Inventory:

Hand Weapons
 a - a +0 war axe (weapon)
Missiles
 e - 25 poisoned darts (quivered)
 H - 12 throwing nets
 O - 21 boomerangs
Armour
 b - a +0 kite shield (worn)
 c - a +0 buckler
 s - a +2 pair of boots (worn)
 K - a +0 plate armour (worn)
 T - a +1 hat of stealth (worn)
Jewellery
 f - a ring of positive energy
 l - an amulet of faith
 n - a ring of flight (right hand)
 o - an amulet of the acrobat
 p - an amulet of guardian spirit
 u - a ring of poison resistance
 y - an amulet of regeneration (around neck)
 D - a ring of protection from cold
 M - a +5 ring of evasion (left hand)
Wands
 F - a wand of charming (6)
 I - a wand of polymorph (5)
 J - a wand of flame (10)
 R - a wand of mindburst (6)
Scrolls
 i - 5 scrolls of amnesia
 k - 2 scrolls of enchant armour
 m - 2 scrolls of vulnerability
 x - 4 scrolls of teleportation
 B - a scroll of brand weapon
 E - 4 scrolls of blinking
 N - a scroll of fog
 P - 3 scrolls of identify
 Q - a scroll of poison {unknown}
Potions
 d - 3 potions of might
 g - 2 potions of attraction
 h - a potion of cancellation {unknown}
 j - 6 potions of mutation
 q - a potion of heal wounds {unknown}
 r - 2 potions of berserk rage
 t - 5 potions of lignification
 v - 2 potions of haste
 w - 2 potions of flight {unknown}
 z - 4 potions of brilliance
 A - 3 potions of curing
 C - 2 potions of magic
 G - 2 potions of degeneration {unknown}
 L - a potion of resistance {unknown}


   Skills:
 * Level 11.6 Fighting
 * Level 11.3 Axes
 + Level 6.1 Throwing
 + Level 8.6 Armour
 + Level 8.5 Shields


You had 10 spell levels left.
You didn't know any spells.
Your spell library contained the following spells:

 Spells                   Type           Power      Damage    Failure   Level
 Sublimation of Blood     Necr           0%         N/A       100%        2
 Wereblood                Tmut           0%         N/A       100%        2
 Gell's Gravitas          Tloc           0%         N/A       100%        3
 Ignite Poison            Fire/Tmut/Pois 0%         N/A       100%        3
 Kindle Blastsparks       Fire/Tloc/Air  0%         2d10      100%        3
 Lesser Beckoning         Tloc           0%         N/A       100%        3
 Teleport Other           Tloc           0%         N/A       100%        3
 Fulminant Prism          Conj/Hex       0%         3d5       100%        4
 Iskenderun's Mystic Bla  Conj/Tloc      0%         2d3       100%        4
 Sticky Flame             Conj/Fire      0%         2d3       100%        4
 Lee's Rapid Deconstruct  Erth           0%         3d4*      100%        5
 Ignition                 Fire           0%         3d3       100%        8
 Summon Hydra             Summ           Unusable   N/A       N/A         7

Dungeon Overview and Level Annotations

Branches:
Dungeon (9/15)             Temple (1/1) D:7           Sewer (visited)
Ossuary (visited)
   Lair: D:8-11         Orc: D:9-12

Altars:
Ashenzari
Cheibriados
Elyvilon
Okawaru
Qazlal
Trog
Vehumet
Xom
Zin
The Shining One

Shops:
D:5 ?


Innate Abilities, Weirdness & Mutations

You have a pair of horns on your head.
You reflexively headbutt those who attack you in melee.


Message History

The killer bee closely misses you. The yak barely misses you.
The orc priest calls down the wrath of Beogh upon you.
Beogh smites you! The killer bee closely misses you.
You block the killer bee's attack. The yak gores you but does no damage.
The killer bee stings you but does no damage.
The orc priest calls down the wrath of Beogh upon you.
Beogh smites you! The yak barely misses you. You furiously retaliate!
You headbutt the yak!
You kill the yak!
Okawaru accepts your kill.
You closely miss the killer bee. You miss the kobold. You closely miss the yak.
You miss the killer bee.
You feel sick. You block the killer bee's attack.
The killer bee stings you but does no damage. x2
You block the killer bee's attack. The killer bee misses you.
You furiously retaliate!
You headbutt the killer bee. The yak gores you but does no damage.
You block the orc priest's attack. You block the kobold's attack.
You slice the yak!! Your headbutt misses the yak.
The yak is heavily wounded.
You barely miss the killer bee. You slash the killer bee!
You kill the killer bee!
Okawaru accepts your kill.
You miss the kobold. You closely miss the killer bee.
You feel sick. You block the killer bee's attack.
The killer bee closely misses you. The kobold hits you but does no damage.
The killer bee stings you but does no damage.
You block the killer bee's attack. The yak gores you!
The orc priest mumbles some strange prayers to Beogh against you.
Beogh smites you!
* * * LOW HITPOINT WARNING * * *
You slice the kobold!!
You kill the kobold!
You slash the killer bee! You closely miss the orc. You miss the killer bee.
You hit the yak.
You feel sick.
The killer bee stings you but does no damage.
The killer bee stings you!
* * * LOW HITPOINT WARNING * * *
You block the killer bee's attack. The killer bee closely misses you.
The yak gores you!
You die...

...... ............
...... ...........
#....# o........ #.#..<
.......# .....# #o....#
#. #....... ##ooY..# #..
.<...## ..##.Dyy†Y# #
#.##...###
.$...YY@o##.###.........
.....###......# #...####
... #.##.#.###...#... .
###.##.#...........
#....#.# #.......
#....#.# ###.##....
#......###...###...
#...)......### #...
#....####### #...


You could see 4 yaks, a steam dragon, 2 killer bees, 2 orc priests and 2 orcs.

Vanquished Creatures
  Gastronok (D:8)
  A two-headed ogre (D:9)
  Pikel (D:8)
  Joseph (D:8)
  Maggie (D:7)
  A hornet (D:8)
  A wraith (Ossuary)
  2 yaks (D:9)
  Menkaure (D:6)
  3 water moccasins
  A sky beast (D:8)
  2 ice beasts (D:8)
  A black bear (D:4)
  2 centaurs
  A lemure (D:8)
  A phantom (D:5)
  3 kobold brigands
  3 necrophages
  2 elf zombies (Ossuary)
  A bullfrog (D:6)
  5 gnoll sergeants (D:8)
  2 scorpions
  3 elf skeletons (D:5)
  5 wights
  14 killer bees
  A howler monkey (D:6)
  An electric eel (D:8)
  4 orc priests
  4 human zombies (D:5)
  11 hounds
  4 gnoll boudas
  3 human skeletons (D:5)
  3 iguanas
  An orc wizard (D:8)
  3 mummies (Ossuary)
  8 adders
  37 gnolls
  A river rat (D:6)
  2 shadow imps
  2 white imps (D:6)
  2 ufetubi (D:5)
  2 worms
  3 dart slugs
  21 orcs
  8 ball pythons
  10 bats
  4 endoplasms
  2 giant cockroaches
  3 goblins
  5 hobgoblins
  11 jackals
  4 quokkas
  2 frilled lizards
  A gnoll zombie (Ossuary)
  A goblin zombie (Ossuary)
  4 hobgoblin zombies (Ossuary)
  14 kobolds
  2 kobold zombies (Ossuary)
  An orc skeleton (D:5)
  4 rats
248 creatures vanquished.

Vanquished Creatures (others)
  A scorpion (D:5)
1 creature vanquished.

Grand Total: 249 creatures vanquished

Notes
Turn   | Place    | Note
-------+----------+-------------------------------------------
     0 | D:1      | bmack86 the Minotaur Fighter began the quest for the Orb.
     0 | D:1      | Reached XP level 1. HP: 19/19 MP: 0/0
   110 | D:1      | Reached XP level 2. HP: 27/27 MP: 1/1
  1317 | D:3      | Reached XP level 3. HP: 33/33 MP: 2/2
  1509 | D:3      | Reached XP level 4. HP: 32/41 MP: 3/3
  2105 | D:4      | Noticed a black bear
  2113 | D:4      | Killed a black bear
  2114 | D:4      | Reached skill level 5 in Fighting
  2114 | D:4      | Reached XP level 5. HP: 29/48 MP: 4/4
  2214 | D:4      | Reached skill level 1 in Throwing
  2297 | D:4      | Found a glowing golden altar of the Shining One.
  2376 | D:4      | Reached XP level 6. HP: 48/56 MP: 5/5
  2819 | D:5      | Entered Level 5 of the Dungeon
  2839 | D:5      | Reached skill level 5 in Axes
  2912 | D:5      | Found a large runed translucent door.
  2913 | D:5      | Found a large runed translucent door.
  2926 | D:5      | Found a radiant altar of Vehumet.
  2935 | D:5      | Reached skill level 5 in Armour
  2945 | D:5      | Found a bloodstained altar of Trog.
  2945 | D:5      | Noticed a water moccasin
  2955 | D:5      | Killed a water moccasin
  2956 | D:5      | Reached skill level 5 in Shields
  2956 | D:5      | Reached XP level 7. HP: 43/63 MP: 6/6
  3217 | D:5      | Found a sand-covered staircase.
  3226 | Ossuary  | Entered an ossuary
  3226 | Ossuary  | Noticed a wraith
  3226 | Ossuary  | Noticed a wraith
  3226 | Ossuary  | Noticed a wraith
  3294 | Ossuary  | Reached XP level 8. HP: 73/73 MP: 7/7
  3892 | D:5      | Found a shimmering altar of Xom.
  4156 | D:5      | Found Jomopsuatsu's Magic Scroll Shoppe.
  4169 | D:5      | Bought a scroll of brand weapon for 104 gold pieces
  4169 | D:5      | Bought a scroll of identify for 22 gold pieces
  4169 | D:5      | Bought a scroll of identify for 22 gold pieces
  4169 | D:5      | Bought a scroll of identify for 22 gold pieces
  4320 | D:6      | Found a glowing drain.
  4347 | Sewer    | Entered a sewer
  4506 | D:6      | Reached XP level 9. HP: 79/82 MP: 8/8
  4547 | D:6      | Noticed Menkaure
  4557 | D:6      | Killed Menkaure
  4973 | D:6      | Found a glowing silver altar of Zin.
  5516 | D:8      | Noticed Joseph
  5602 | D:8      | Killed Joseph
  5888 | D:8      | Noticed Pikel
  5900 | D:8      | Killed Pikel
  5901 | D:8      | Reached skill level 10 in Fighting
  5901 | D:8      | Reached skill level 5 in Throwing
  5901 | D:8      | Reached XP level 10. HP: 65/93 MP: 9/9
  5954 | D:8      | Identified the +6 quarterstaff of the Forest {venom, +Blink
                  | rElec}
  6072 | D:8      | Noticed Gastronok
  6092 | D:8      | Killed Gastronok
  6093 | D:8      | Reached skill level 10 in Axes
  6798 | D:7      | Noticed Maggie
  6831 | D:7      | Killed Maggie
  7042 | D:7      | Found a staircase to the Ecumenical Temple.
  7052 | Temple   | Entered the Ecumenical Temple
  7059 | Temple   | Became a worshipper of Warmaster Okawaru
  7277 | D:9      | Noticed a two-headed ogre
  7286 | D:9      | Killed a two-headed ogre
  7365 | D:9      | Reached * piety under Okawaru
  7368 | D:9      | Reached XP level 11. HP: 81/102 MP: 10/10
  7373 | D:9      | Slain by a yak

Illustrated notes

Levels and vault maps discovered:
D:1:      amcnicky_arrival_choice, layout_basic, amethyst_killhole,
          moated_statue, chequers_decorated_corner
D:2:      layout_loops_cross
D:3:      layout_loops_ring
D:4:      layout_basic, mainiacjoe_overflow_chevrons, minivault_27
D:5:      layout_cave_pools, xom_confusion_cloud, jmf_multi_god_temple2,
          serial_shops, nicolae_lakefront_shop, nicolae_ossuary_entry_catacombs
D:6:      layout_loops_ring, old_standard_altar, portal_sewer_entry_a,
          nrook_mini_vaults, uniq_menkaure
D:7:      layout_basic, temple_fountains, uniq_maggie
D:8:      layout_cave_pools, serial_gnoll_camp, gnoll_camp_medium_02,
          gnoll_camp_huts_moat, gnoll_camp_mini_basic, gnoll_camp_mini_hut,
          nicolae_hexahallways, st_stairs_5,
          hangedman_abyss_or_decor_lesser_grid, uniq_gastronok, uniq_joseph,
          uniq_pikel
D:9:      layout_rooms, david_lair_shrubbed
Temple:   nicolae_temple_bog_church

Skill      XL: |  1  2  3  4  5  6  7  8  9 10 |
---------------+-------------------------------+-----
Fighting       | 4 5 6 7 8 10 11 | 11.6
Axes           | 3 4 5 6 8 9 11 | 11.3
Armour         | 4 5 6 7 8 |  8.6
Shields        | 4 5 6 7 8 |  8.5
Throwing       | 1 2 3 5 6 |  6.1

Action                   |  1- 3 |  4- 6 |  7- 9 | 10-12 || total
-------------------------+-------+-------+-------+-------++-------
Melee: War axe           |    64 |    81 |   363 |   135 ||   643
       Headbutt          |     6 |    14 |    68 |    25 ||   113
       Unarmed           |       |       |     9 |       ||     9
Throw: Dart              |       |     3 |     1 |       ||     4
  Use: Scroll            |     1 |     9 |     6 |       ||    16
       Potion            |       |       |       |     1 ||     1
Armor: Scale mail        |    18 |       |       |       ||    18
       Chain mail        |    20 |    62 |   160 |       ||   242
       Plate armour      |       |       |    78 |   108 ||   186
       Skin              |       |       |     2 |       ||     2
Dodge: Dodged            |    39 |    42 |   224 |    96 ||   401
Block: Buckler           |    20 |    25 |   125 |    12 ||   182
       Kite shield       |       |       |       |    81 ||    81

Table legend: (Time is in decaauts)
 A = Elapsed time spent in this place.
 B = Non-inter-level travel time spent in this place.
 C = Inter-level travel time spent in this place.
 D = Time resting spent in this place.
 E = Time spent auto-exploring this place.
 F = Levels seen in this place.
 G = Mean time per level.
                   A        B        C        D        E       F      G
               +--------+--------+--------+--------+--------+-----+--------+
         Total |   7501 |   7146 |    355 |     43 |   4204 |  12 |  625.1 |
       Dungeon |   6832 |   6477 |    355 |     10 |   4203 |   9 |  759.1 |
        Temple |     19 |     19 |      0 |      0 |      1 |   1 |   19.0 |
         Sewer |     85 |     85 |      0 |      0 |      0 |   1 |   85.0 |
       Ossuary |    564 |    564 |      0 |     33 |      0 |   1 |  564.0 |
               +--------+--------+--------+--------+--------+-----+--------+

Top non-repeatable levels by time:
     D:8: 1176 daAuts
     D:5: 993 daAuts
     D:4: 903 daAuts
     D:6: 824 daAuts
     D:7: 775 daAuts
     D:2: 665 daAuts
     D:1: 662 daAuts
     D:3: 633 daAuts
 Ossuary: 564 daAuts
     D:9: 197 daAuts
   Sewer: 85 daAuts
  Temple: 19 daAuts
